 Dungeon Crawl Stone Soup version 0.30.1-4-g462c640d31 (webtiles) character file.

Game seed: 18366630021237708193

455 Amplified the Sneak (level 6, -2/49 HPs)
             Began as a Demonspawn Delver on Sept 12, 2023.
             Splashed by a jelly's acid (11 damage)
             ... on level 4 of the Dungeon.
             The game lasted 00:05:05 (1482 turns).

Amplified the Sneak (Demonspawn Delver)             Turns: 1482, Time: 00:05:06

Health: -2/49      AC: -7    Str: 14    XL:     6   Next: 76%
Magic:  6/6        EV: 12    Int: 11    God:
Gold:   122        SH:  0    Dex: 15    Spells: 5/5 levels left

rFire   . . .        m - +1 dagger (venom)
rCold   . . .        (no shield)
rNeg    . . .        d - +0 ring mail
rPois   .            (helmet restricted)
rElec   .            (no cloak)
rCorr   .            (no gloves)
SInv    .            (no boots)
Will    .....        (no amulet)
Stlth   ++           (no ring)
HPRegen 0.28/turn    (no ring)
MPRegen 0.10/turn

%: no passive effects
@: corroded
A: horns 1, foul stench 2, powered by death 1
a: no special abilities


You were on level 4 of the Dungeon.
You visited 1 branch of the dungeon, and saw 2 of its levels.
You also visited: Sewer.

You collected 122 gold pieces.

Inventory:

Hand Weapons
 a - a +0 falchion
 m - a +1 dagger of venom (weapon)
 o - a +1 dagger of draining
Armour
 b - a +0 leather armour
 d - a +0 ring mail (worn)
Jewellery
 n - a ring of willpower
Wands
 g - a wand of digging (2)
Scrolls
 c - a scroll of fog
 j - a scroll of enchant weapon {unknown}
 k - a scroll of enchant armour {unknown}
 l - a scroll of teleportation {unknown}
Potions
 e - a potion of mutation
 f - a potion of haste
 h - 5 potions of flight
 i - a potion of might {unknown}


   Skills:
 + Level 4.6 Fighting
 + Level 3.6 Long Blades
 + Level 3.6 Dodging
 + Level 5.7 Stealth


You had 5 spell levels left.
You didn't know any spells.
Your spell library was empty.

Dungeon Overview and Level Annotations

Branches:
Dungeon (5/15)              Sewer (visited)
 Temple: D:4-7

Altars:
Vehumet

Annotations:
D:5 Eustachio


Innate Abilities, Weirdness & Mutations

You have a pair of small horns on your head.
You sometimes emit foul miasma when damaged in melee.
You regenerate a little health from kills.


Message History

The orc wizard barely misses you.
You completely miss the orc wizard.
The orc wizard points at you and mumbles some strange words.
You resist with some effort.
You hit the orc wizard.
The orc wizard is poisoned.
You headbutt the orc wizard.
The orc wizard is moderately wounded.
The orc wizard hits you but does no damage.
You hit the orc wizard but do no damage.
The orc wizard is moderately wounded.
The orc wizard hits you with a +0 dagger.
The jelly quivers.
You hit the orc wizard.
The orc wizard looks as sick as possible!
The orc wizard is heavily wounded.
The orc wizard hits you with a +0 dagger.
You emit a cloud of foul miasma!
You hit the orc wizard.
You kill the orc wizard!
Things that are here:
a +0 dagger; a +0 robe; an orc corpse You hit the jelly.
The acid corrodes you!
Your hands burn!
The jelly is lightly wounded.
You barely miss the jelly. You headbutt the jelly.
The jelly is moderately wounded.
The jelly hits you.
You are splashed with acid!
You hit the jelly.
The jelly is poisoned.
Your hands burn!
You headbutt the jelly.
The jelly is moderately wounded.
The jelly hits you.
You are splashed with acid!
* * * LOW HITPOINT WARNING * * *
You hit the jelly but do no damage.
The jelly looks as sick as possible!
The acid corrodes you!
Your hands burn!
* * * LOW HITPOINT WARNING * * *
You headbutt the jelly, but do no damage.
The jelly is moderately wounded.
The jelly hits you.
* * * LOW HITPOINT WARNING * * *
The acid corrodes you!
You are splashed with acid!
You die...

.##.# ##+# #.......# .##.#
##...## #####†### .##.####
##.....## ###.### .##.##.##
##.......## ##.....#
.##.#...####.........####......#
...........'.........'.........#
.#......####.........####......#
.#...#.## #......(## ##.....#
##.o.### ##..@..## ####.## ##.##
##J).## #.# #.# ##'## #.# #[#
#.# #.# #.# ### #.# #.# #.###)##
##.## ########.# #.##)#.##
##>..## #........# #...###.#
#.....# #.######## ####...##
##...## #.#


You could see a jelly (extremely poisoned).

Vanquished Creatures
  Sigmund (D:4)
  A bullfrog (D:4)
  An orc priest (D:4)
  2 orc wizards (D:4)
  9 adders
  2 river rats (Sewer)
  A white imp (D:5)
  A worm (Sewer)
  An orc (D:4)
  3 ball pythons (Sewer)
  2 endoplasms (Sewer)
  3 giant cockroaches
  A goblin (D:4)
  4 jackals
  8 quokkas
  6 bats (Sewer)
46 creatures vanquished.

Vanquished Creatures (others)
  A frilled lizard (D:4)
1 creature vanquished.

Grand Total: 47 creatures vanquished

Notes
Turn   | Place    | Note
-------+----------+-------------------------------------------
     0 | D:5      | Amplified the Demonspawn Delver began the quest for the
                  | Orb.
     0 | D:5      | Reached XP level 1. HP: 18/18 MP: 1/1
     1 | D:5      | Found a radiant altar of Vehumet.
     1 | D:5      | Noticed Eustachio
   106 | D:5      | Gained mutation: You regenerate a little health from kills.
                  | [demonic ancestry]
   106 | D:5      | Reached XP level 2. HP: 18/24 MP: 2/2
   238 | D:4      | Found a glowing drain.
   262 | Sewer    | Entered a sewer
   269 | Sewer    | Gained mutation: You may rarely emit foul miasma when
                  | damaged in melee. [demonic ancestry]
   269 | Sewer    | Reached XP level 3. HP: 27/29 MP: 3/3
   530 | Sewer    | Gained mutation: You sometimes emit foul miasma when
                  | damaged in melee. [demonic ancestry]
   530 | Sewer    | Reached XP level 4. HP: 31/35 MP: 4/4
   534 | Sewer    | Reached skill level 5 in Stealth
   721 | Sewer    | Gained mutation: You have a pair of small horns on your
                  | head. [demonic ancestry]
   721 | Sewer    | Reached XP level 5. HP: 22/42 MP: 5/5
  1275 | D:4      | Noticed Sigmund
  1294 | D:4      | Killed Sigmund
  1295 | D:4      | Reached XP level 6. HP: 13/49 MP: 3/6
  1482 | D:4      | Splashed by a jelly's acid

Illustrated notes

Levels and vault maps discovered:
D:4:      layout_loops_corners, mainiacjoe_overflow_concentric_impassable,
          gup_sewer_entry_pipe, lexackson_kobold_supper, uniq_robin, uniq_pikel,
          uniq_sigmund
D:5:      layout_basic, mainiacjoe_overflow_six_doors_small,
          serial_bayou_lake_a, uniq_eustachio, uniq_grinder

Skill      XL: |  1  2  3  4  5 |
---------------+----------------+-----
Long Blades    | 2 3 |  3.6
Dodging        | 2 3 |  3.6
Stealth        | 5 |  5.7
Fighting       | 4 |  4.6

Action                     |  1- 3 |  4- 6 || total
---------------------------+-------+-------++-------
  Melee: Falchion          |    99 |    74 ||   173
         Headbutt          |       |     8 ||     8
         Dagger            |       |    26 ||    26
         Punch             |       |     1 ||     1
  Evoke: Wand              |     1 |       ||     1
    Use: Scroll            |     4 |     1 ||     5
         Potion            |     1 |     1 ||     2
   Stab: Sleeping          |       |     3 ||     3
 Armour: Leather armour    |     5 |       ||     5
         Ring mail         |    32 |    47 ||    79
  Dodge: Dodged            |    77 |    78 ||   155
